AoeStats
← Radu029

Arabia

506523417Analyzed
1v1 RM · 18d ago on Sep 13, 2026· 74m 47s· 2 players
Game mode
Random Map
Map size
Tiny (2 player)
Population
200
Speed
Normal
Resources
Standard
Victory
Conquest
Starting age
Dark Age
Ending age
Imperial Age
RankedLock teamsTeams togetherTeam positionsShared explorationLock speedFull tech treeHidden civsTurbo modeCheats
Victory
Defeat
🇷🇴 Chinese · Romania
100
+23
🇲🇽 Goths · Mexico
276
-23
Radu029
0:46 Loom
13:48 Feudal Age
14:21 Double-Bit Axe
18:58 Wheelbarrow
19:28 Man-at-Arms
27:44 Castle Age
29:12 Hand Cart
32:51 Padded Archer Armor
32:41 Fletching
35:09 Bow Saw
35:23 Leather Archer Armor
39:05 Gold Mining
39:06 Stone Mining
40:15 Leather Archer Armor
39:56 Bodkin Arrow
44:22 Imperial Age
45:42 Stone Shaft Mining
45:42 Gold Shaft Mining
44:31 Elite Chu Ko Nu
47:09 Two-Man Saw
47:41 Bracer
48:12 Ring Archer Armor
54:19 Chemistry
56:51 Bombard Tower
57:02 Ballistics
57:32 Bombard Tower
Origami
14:11 Feudal Age
18:07 Double-Bit Axe
22:11 Man-at-Arms
31:46 Castle Age
30:11 Bloodlines
32:12 Long Swordsman
32:15 Crossbowman
32:16 Elite Skirmisher
37:11 Town Watch
38:06 Wheelbarrow
44:41 Squires
59:49 Imperial Age
59:58 Imperial Age
Connection lost

Rejoining the realm…

Still unreachable

The connection could not be restored.

Session expired

The server has moved on; the page needs a fresh start.